AoeStats
← Mangudai de Oakley

Oasis

509172487Analyzed
4v4 RM · 5d ago on Sep 25, 2026· 48m 59s· 8 players
Game mode
Random Map
Map size
Large (8 player)
Population
200
Speed
Normal
Resources
Standard
Victory
Conquest
Starting age
Dark Age
Ending age
Imperial Age
RankedLock teamsTeams togetherTeam positionsShared explorationLock speedFull tech treeHidden civsTurbo modeCheats
Victory
Defeat
🇧🇷 Mongols · Brazil
1093
+18
🇦🇷 Persians · Argentina
1054
+19
🇹🇼 Danes · Taiwan
1040
+20
🇸🇪 Spanish · Sweden
1024
+20
🇩🇪 Vietnamese · Germany
1141
-20
🇩🇪 Jurchens · Germany
1135
-20
🇩🇪 Japanese · Germany
1135
-20
🇩🇪 Berbers · Germany
1080
-17
ROMA
11:05 Feudal Age
15:47 Forging
16:50 Scale Barding Armor
23:04 Castle Age
22:05 Bloodlines
22:31 Gold Mining
24:16 Husbandry
24:57 Gold Shaft Mining
25:38 Horse Collar
26:47 Wheelbarrow
25:58 Loom
28:38 Chain Barding Armor
29:27 Double-Bit Axe
29:50 Town Watch
31:36 Iron Casting
33:42 Heavy Plow
36:46 Imperial Age
34:22 Stone Mining
35:41 Bow Saw
36:14 Stone Shaft Mining
36:58 Masonry
37:05 Hand Cart
36:24 Cavalier
37:42 Conscription
38:15 Crop Rotation
38:00 Murder Holes
40:02 Two-Man Saw
40:26 Plate Barding Armor
40:32 Hoardings
40:53 Town Patrol
41:56 Blast Furnace
42:24 Citadels
42:48 Savar
45:07 Fletching
45:50 Architecture
49:57 Chemistry
White
8:21 Loom
11:40 Feudal Age
16:31 Castle Age
14:22 Double-Bit Axe
14:21 Horse Collar
19:28 Husbandry
19:38 Bloodlines
25:39 Scale Barding Armor
26:37 Forging
27:42 Heavy Plow
29:19 Wheelbarrow
32:36 Imperial Age
32:48 Squires
32:34 Arson
32:41 Pikeman
33:35 Cavalier
36:22 Iron Casting
36:09 Chain Barding Armor
36:26 Hand Cart
36:49 Town Watch
40:15 Chemistry
39:12 Murder Holes
39:49 Ballistics
39:52 Halberdier
46:22 Scale Mail Armor
47:22 Blast Furnace
46:58 Plate Barding Armor
48:16 Chain Mail Armor
48:12 Paladin
Mangudai de Oakley
6:56 Loom
9:22 Feudal Age
19:30 Fletching
21:47 Castle Age
22:33 Bodkin Arrow
27:27 Double-Bit Axe
28:20 Padded Archer Armor
31:08 Husbandry
33:23 Leather Archer Armor
38:30 Bow Saw
38:54 Thumb Ring
40:02 Ballistics
39:56 Bloodlines
ELO800
6:46 Loom
8:47 Feudal Age
9:58 Double-Bit Axe
9:52 Man-at-Arms
11:19 Arson
13:18 Horse Collar
14:54 Fletching
17:44 Wheelbarrow
17:01 Gold Mining
17:22 Scale Mail Armor
18:53 Forging
23:01 Castle Age
24:19 Bow Saw
24:14 Squires
24:01 Gambesons
24:03 Pikeman
25:37 Gambesons
27:54 Chain Mail Armor
27:35 Bodkin Arrow
30:18 Iron Casting
30:41 Elite Skirmisher
34:10 Padded Archer Armor
34:46 Ballistics
35:12 Sanctity
35:02 Fervor
38:42 Imperial Age
38:15 Caravan
39:04 Hand Cart
38:37 Town Watch
39:08 Bloodlines
39:16 Halberdier
41:51 Blast Furnace
41:24 Plate Mail Armor
43:08 Conscription
42:53 Elite Varangian Guard
43:12 Capped Ram
44:33 Siege Ram
45:09 Cranequins
48:51 Siege Engineers
TheKingofCards
7:11 Loom
9:31 Feudal Age
10:14 Man-at-Arms
14:53 Horse Collar
18:30 Wheelbarrow
21:39 Castle Age
20:25 Fletching
21:00 Padded Archer Armor
21:49 Crossbowman
25:20 Bodkin Arrow
27:54 Pikeman
29:27 Leather Archer Armor
33:23 Thumb Ring
36:19 Imperial Age
36:24 Ballistics
37:20 Bracer
36:54 Arbalester
39:03 Gold Mining
39:02 Double-Bit Axe
41:26 Chemistry
42:25 Halberdier
J.Furious
11:11 Feudal Age
18:26 Castle Age
16:43 Bloodlines
17:12 Double-Bit Axe
17:13 Horse Collar
20:08 Husbandry
20:17 Scale Barding Armor
21:09 Forging
25:25 Chain Barding Armor
27:48 Gold Mining
27:49 Stone Mining
29:13 Wheelbarrow
28:28 Town Watch
32:11 Bow Saw
37:54 Imperial Age
38:16 Cavalier
38:19 Heavy Camel Rider
40:31 Conscription
42:31 Town Patrol
42:42 Light Cavalry
43:21 Hussar
KimKitsuragi
6:56 Loom
9:53 Feudal Age
11:08 Double-Bit Axe
11:06 Horse Collar
18:12 Fletching
26:13 Castle Age
26:19 Crossbowman
27:15 Bodkin Arrow
27:41 Bow Saw
31:55 Padded Archer Armor
37:16 Ballistics
43:24 Light Cavalry
The Third Policeman
8:20 Loom
10:29 Feudal Age
11:19 Double-Bit Axe
13:41 Horse Collar
20:48 Castle Age
19:57 Scale Barding Armor
20:04 Bloodlines
20:17 Gold Mining
23:44 Wheelbarrow
26:04 Bow Saw
25:59 Husbandry
27:38 Chain Barding Armor
27:06 Town Watch
31:08 Imperial Age
29:39 Stone Mining
31:24 Siege Engineers
31:52 Heavy Rocket Cart
34:04 Scale Mail Armor
33:28 Pikeman
34:09 Squires
35:51 Chemistry
36:07 Coinage
36:26 Chain Mail Armor
38:51 Two-Man Saw
37:57 Heavy Plow
38:47 Halberdier
45:40 Thunderclap Bombs
45:51 Conscription
47:26 Hand Cart
Connection lost

Rejoining the realm…

Still unreachable

The connection could not be restored.

Session expired

The server has moved on; the page needs a fresh start.